 Dungeon Crawl Stone Soup version 0.28.0-43-g3370ac3207 (webtiles) character file.

Game seed: 472527995484781837

289 bnorton916 the Chiller (level 6, -4/41 HPs)
             Began as a Barachi Ice Elementalist on Mar 16, 2022.
             Slain by a lemure (6 damage)
             ... led by Pikel
             ... on level 4 of the Dungeon.
             The game lasted 00:09:32 (5244 turns).

bnorton916 the Chiller (Barachi Ice Elementalist)   Turns: 5244, Time: 00:09:32

Health: -4/41      AC:  4    Str:  9    XL:     6   Next: 31%
Magic:  9/12       EV: 12    Int: 17    God:
Gold:   140        SH:  0    Dex: 13    Spells: 1/13 levels left

rFire   . . .      SeeInvis .   r - +2 flail (vorpal)
rCold   . . .      Faith    .   (no shield)
rNeg    . . .      Spirit   .   a - +0 robe
rPois   .          Reflect  .   h - +0 helmet
rElec   .          Harm     .   (no cloak)
rCorr   .          Rampage  .   (no gloves)
Will    .....                   l - +0 pair of boots
Stlth   ++........              (no amulet)
HPRegen 0.13/turn               (no ring)
MPRegen 0.13/turn               (no ring)

@: unable to hop, slow
A: amphibious, slowness 1, strong legs 1, +LOS
a: Hop


You were on level 4 of the Dungeon.
You visited 1 branch of the dungeon, and saw 5 of its levels.

You collected 140 gold pieces.

Inventory:

Hand Weapons
 p - a +0 hand crossbow
 r - a +2 vorpal flail (weapon)
Missiles
 e - 180 stones
Armour
 a - a +0 robe (worn)
 h - a +0 helmet (worn)
 l - a +0 pair of boots (worn)
 q - a +0 leather armour
Scrolls
 f - a scroll of enchant armour {unknown}
 g - 2 scrolls of blinking {unknown}
 i - 2 scrolls of identify {unknown}
 m - a scroll of holy word {unknown}
 n - a scroll of teleportation {unknown}
 o - a scroll of amnesia {unknown}
 t - a scroll of brand weapon {unknown}
Potions
 b - 2 potions of curing {unknown}
 c - 5 potions of might {unknown}
 d - a potion of degeneration {unknown}
 j - a potion of ambrosia {unknown}
 k - a potion of invisibility {unknown}
 s - 2 potions of attraction {unknown}


   Skills:
 - Level 2.1 Dodging
 - Level 1.7 Stealth
 - Level 4.3 Spellcasting
 + Level 2.0 Conjurations
 - Level 6.6 Ice Magic
 + Level 1.8 Earth Magic


You had one spell level left.
You knew the following spells:

 Your Spells              Type           Power      Damage    Failure   Level
a - Freeze                Ice            100%       1d11      1%          1
b - Frozen Ramparts       Ice            52%        1d7       3%          3
c - Ozocubu's Armour      Ice            26%        N/A       3%          3
d - Hailstorm             Conj/Ice       18%        3d6       26%         4
e - Sandblast             Erth           18%        2d7       8%          1

Your spell library contained the following spells:

 Spells                   Type           Power      Damage    Failure   Level
 Passwall                 Tmut/Erth      5%         N/A       16%         2
 Stone Arrow              Conj/Erth      20%        3d8       21%         3


Dungeon Overview and Level Annotations

Branches:
Dungeon (5/15)
 Temple: D:4-7

Altars:
Gozag
Hepliaklqana
Wu Jian

Annotations:
D:4 Pikel


Innate Abilities, Weirdness & Mutations

You are amphibious.
You cover ground slowly.
You can hop short distances.
You have an extended range of vision and can be seen from far away.


Message History

You see here a +0 hand axe.
There is a stone staircase leading down here.
Items here: ))) [[ ÷.
There is a stone staircase leading down here.
You start resting.
Magic restored.
You start resting.
HP restored.
You climb downwards.
Level annotation: Pikel Pikel closely misses you.
The lemure hits you.
Pikel hits you with a +1 whip of electrocution!
The lemure closely misses you. The orc wizard casts a spell at you.
The puff of flame hits you.
There is a stone staircase leading up here.
The lemure barely misses you. Pikel closely misses you.
You climb upwards.
There is a stone staircase leading down here.
Casting: Frozen Ramparts (dangerous; 3% risk of failure)
Confirm with . or Enter, or press ? or * to list all spells.
Casting: Frozen Ramparts (dangerous; 3% risk of failure)
Press: ? - help, Dir - look around, f - activate A stone staircase leading down.
The walls around you are covered in ice.
The wall freezes Pikel.
Pikel hits you with a +1 whip of electrocution!
You are electrocuted!
* * * LOW HITPOINT WARNING * * *
The wall freezes the lemure.
The lemure hits you!
* * * LOW HITPOINT WARNING * * *
Okay, then.
Okay, then.
Unknown command.
Hop to where?
Press: ? - help, Dir - move target Your frozen ramparts will break if you move.
Continue?
The frozen ramparts melt away as you move.
Boing!
The lemure hits you.
You die...

...##.....#
#.##♣♣.♣P♣
...##.....# #.#
♣♣♣♣# ...##.....#
#.# ...##.....#
#.#
#####.....###.#
#.........#
#########.########
..........)...)K5#
#######.######♣♣@#
#♣♣♣ ♣♣P..# ♣♣.♣
#♣...##
♣PP♣♣♣.P♣♣#
♣P..PP.P♣.#
♣♣PP.P.P♣.#
♣♣♣♣.P.♣.# ♣
♣.♣P♣.# ♣ ♣..♣#.#


You could see Pikel and a lemure.

Vanquished Creatures
  2 lemures (D:4)
  A howler monkey (D:4)
  An orc priest (D:4)
  4 orc wizards (D:4)
  4 adders
  5 dart slugs
  10 orcs (D:4)
  6 endoplasms
  3 giant cockroaches
  7 goblins
  4 hobgoblins
  6 jackals
  4 quokkas
  4 ball pythons
  4 bats
  2 frilled lizards
  6 kobolds
  24 rats
97 creatures vanquished.

Vanquished Creatures (others)
  2 plants (D:4)
2 creatures vanquished.

Grand Total: 99 creatures vanquished

Notes
Turn   | Place    | Note
-------+----------+-------------------------------------------
     0 | D:1      | bnorton916 the Barachi Ice Elementalist began the quest for
                  | the Orb.
     0 | D:1      | Reached XP level 1. HP: 13/13 MP: 3/3
   149 | D:1      | Reached skill level 5 in Ice Magic
   611 | D:1      | Reached XP level 2. HP: 18/19 MP: 2/5
   822 | D:1      | Found a faded altar of an unknown god.
  1242 | D:2      | Reached XP level 3. HP: 24/24 MP: 1/7
  1991 | D:2      | Learned a level 3 spell: Frozen Ramparts
  1995 | D:2      | Learned a level 3 spell: Ozocubu's Armour
  2327 | D:2      | Reached XP level 4. HP: 28/30 MP: 2/9
  2598 | D:2      | You fall into a shaft and drop 1 floor!
  2712 | D:2      | Found an opulent altar of Gozag.
  2865 | D:3      | Reached skill level 6 in Ice Magic
  3637 | D:4      | Reached XP level 5. HP: 23/35 MP: 1/10
  3852 | D:4      | Found a hazy altar of Hepliaklqana.
  3852 | D:4      | Found an ornate altar of the Wu Jian Council.
  3907 | D:4      | Learned a level 4 spell: Hailstorm
  3909 | D:4      | Learned a level 1 spell: Sandblast
  4009 | D:4      | Reached skill level 1 in Conjurations
  4009 | D:4      | Reached skill level 1 in Earth Magic
  4009 | D:4      | Reached XP level 6. HP: 31/41 MP: 5/12
  4677 | D:5      | Entered Level 5 of the Dungeon
  5197 | D:5      | Noticed Pikel
  5243 | D:4      | HP: 1/41 [lemure[Pikel] (8)]
  5244 | D:4      | Slain by a lemure

Illustrated notes

Levels and vault maps discovered:
D:1:      scummos_arrival_simple_crosswalls, layout_loops_ring,
          hellmonk_ecumenical_altar_zigzags
D:2:      layout_basic, basic_altar
D:3:      layout_loops_ring, minmay_rat_hole
D:4:      layout_basic, gammafunk_temple_overflow_wave, serial_forest,
          infiniplex_forest_join, infiniplex_forest_corner_1,
          infiniplex_forest_lined_2, infiniplex_forest_diagonal,
          infiniplex_forest_end_3, infiniplex_forest_lined_4_way,
          infiniplex_forest_end_2
D:5:      layout_gridville, minmay_temple_entry_tees, uniq_eustachio, uniq_pikel

Skill      XL: |  1  2  3  4  5  6 |
---------------+-------------------+-----
Ice Magic      | 5 6 |  6.6
Spellcasting   | 3 4 |  4.3
Conjurations   | 1 2 |  2.0
Earth Magic    | 1 |  1.8
Dodging        | |  2.1
Stealth        | |  1.7

Action                   |  1- 3 |  4- 6 || total
-------------------------+-------+-------++-------
Melee: Unarmed           |     8 |    14 ||    22
       Punch             |     1 |     1 ||     2
       Flail             |       |    10 ||    10
 Cast: Freeze            |    50 |    42 ||    92
       Frozen Ramparts   |     2 |    12 ||    14
       Ozocubu's Armour  |       |     3 ||     3
       Sandblast         |       |     1 ||     1
 Abil: Hop               |       |     1 ||     1
  Use: Scroll            |       |     1 ||     1
Armor: Robe              |    16 |    28 ||    44
Dodge: Dodged            |    42 |    71 ||   113
